PA
GALESBURG GUZZLERS @ DELAWARE 1787 BC
08/31/2038
 
TOP OF THE 1ST
Galesburg Guzzlers batting - Pitching for Delaware 1787 BC : RHP Gaberiela Tatafu
Pitching: RHP Gaberiela Tatafu
Batting: LHB Luis Escribano 0-0: Called Strike
0-1: Called Strike
0-2: Strikes out looking
Batting: LHB Darryl Harris 0-0: Ball
1-0: Ball
2-0: Ball
3-0: Called Strike
3-1: Base on Balls
Batting: RHB Gerald Johnston 0-0: Called Strike
0-1: Foul Ball, location: 2F
0-2: Ball
1-2: Foul Ball, location: 2F
1-2: Ball
2-2: Foul Ball, location: 2F
2-2: Strikes out looking
Batting: LHB Leonid Machehin 0-0: Ball
1-0: Fly out, F9 (Line Drive, 9, EV 87.5 MPH)
Top of the 1st over - 0 runs, 0 hits, 0 errors, 1 left on base; Galesburg 0 - Delaware 0
BOTTOM OF THE 1ST
Delaware 1787 BC batting - Pitching for Galesburg Guzzlers : RHP Hunter Summers
Pitching: RHP Hunter Summers
Batting: RHB Abhipala Srivastav 0-0: Ball
1-0: Foul Ball, location: 2F
1-1: Called Strike
1-2: Ground out 5-3 (Groundball, 5S, EV 68.8 MPH)
Batting: SHB Marc Cadiou 0-0: Ball
1-0: Ball
2-0: Called Strike
2-1: Foul Ball, location: 2F
2-2: Fly out, F9 (Flyball, 89M, EV 90.0 MPH)
Batting: LHB Samual Johnson 0-0: Swinging Strike
0-1: Ball
1-1: Ball
2-1: Swinging Strike
2-2: Strikes out swinging
Bottom of the 1st over - 0 runs, 0 hits, 0 errors, 0 left on base; Galesburg 0 - Delaware 0
TOP OF THE 2ND
Galesburg Guzzlers batting - Pitching for Delaware 1787 BC : RHP Gaberiela Tatafu
Batting: RHB Shi-xian Zhŕo 0-0: Ball
1-0: Ground out 5-3 (Groundball, 56S, EV 83.1 MPH)
Batting: RHB Will Gary 0-0: Ball
1-0: Called Strike
1-1: Called Strike
1-2: Ball
2-2: Strikes out looking
Batting: LHB Oscar Finley 0-0: Ball
1-0: SINGLE (Groundball, 6MD, EV 93.8 MPH)
Batting: RHB Ju-ho Ko 0-0: Ball
1-0: Called Strike
1-1: Foul Ball, location: 2F
1-2: Ball
2-2: Foul Ball, location: 2F
2-2: Strikes out looking
Top of the 2nd over - 0 runs, 1 hit, 0 errors, 1 left on base; Galesburg 0 - Delaware 0
BOTTOM OF THE 2ND
Delaware 1787 BC batting - Pitching for Galesburg Guzzlers : RHP Hunter Summers
Batting: LHB Luis González 0-0: Called Strike
0-1: Ground out 2-3 (Groundball, 2L, EV 73.8 MPH)
Batting: RHB Matt Méndez 0-0: Ground out U3 (Groundball, 3L, EV 84.4 MPH)
Batting: RHB Yong-ho Jheon 0-0: Ball
1-0: Ball
2-0: Called Strike
2-1: Fly out, F8 (Flyball, 78D, EV 96.9 MPH)
Bottom of the 2nd over - 0 runs, 0 hits, 0 errors, 0 left on base; Galesburg 0 - Delaware 0
TOP OF THE 3RD
Galesburg Guzzlers batting - Pitching for Delaware 1787 BC : RHP Gaberiela Tatafu
Batting: RHB Bradley Le Maistre 0-0: Ball
1-0: Ball
2-0: Fly out, F8 (Flyball, 78M, EV 90.6 MPH)
Batting: LHB Luis Escribano 0-0: Bunt for hit to 25 - play at first, batter OUT! 5-3
Batting: LHB Darryl Harris 0-0: Called Strike
0-1: DOUBLE (Flyball, 89D, EV 108.8 MPH)
Batting: RHB Gerald Johnston 0-0: Called Strike
0-1: Foul Ball, location: 2F
0-2: Fly out, F5 (Popup, 15S, EV 91.2 MPH)
Top of the 3rd over - 0 runs, 1 hit, 0 errors, 1 left on base; Galesburg 0 - Delaware 0
BOTTOM OF THE 3RD
Delaware 1787 BC batting - Pitching for Galesburg Guzzlers : RHP Hunter Summers
Batting: RHB Denis Perrin 0-0: Called Strike
0-1: SINGLE (Groundball, 4MD, EV 95.6 MPH)
Batting: RHB Lloyd van Grootveld 0-0: Called Strike
0-1: Foul Ball, location: 2F
0-2: Strikes out swinging
Batting: LHB Quentin Batkin 0-0: Ball
1-0: Fly out, F2 (Popup, 25F, EV 73.8 MPH)
Batting: RHB Abhipala Srivastav 0-0: Ball
1-0: Foul Ball, location: 2F
1-1: Foul Ball, location: 2F
1-2: Strikes out looking
Bottom of the 3rd over - 0 runs, 1 hit, 0 errors, 1 left on base; Galesburg 0 - Delaware 0
TOP OF THE 4TH
Galesburg Guzzlers batting - Pitching for Delaware 1787 BC : RHP Gaberiela Tatafu
Batting: LHB Leonid Machehin 0-0: Ball
1-0: Ball
2-0: Fly out, F6 (Popup, 6S, EV 65.6 MPH)
Batting: RHB Shi-xian Zhŕo 0-0: Ball
1-0: Called Strike
1-1: Fly out, F7 (Line Drive, 7D, EV 90.6 MPH)
Batting: RHB Will Gary 0-0: Called Strike
0-1: Ball
1-1: Foul Ball, location: 2F
1-2: Strikes out swinging
Top of the 4th over - 0 runs, 0 hits, 0 errors, 0 left on base; Galesburg 0 - Delaware 0
BOTTOM OF THE 4TH
Delaware 1787 BC batting - Pitching for Galesburg Guzzlers : RHP Hunter Summers
Batting: SHB Marc Cadiou 0-0: Foul Ball, location: 2F
0-1: Ball
1-1: Ground out 4-3 (Groundball, 4, EV 85.6 MPH)
Batting: LHB Samual Johnson 0-0: Ball
1-0: Called Strike
1-1: Fly out, F9 (Flyball, 9S, EV 93.8 MPH)
Batting: LHB Luis González 0-0: Ball
1-0: Ground out 4-3 (Groundball, 4, EV 98.1 MPH)
Bottom of the 4th over - 0 runs, 0 hits, 0 errors, 0 left on base; Galesburg 0 - Delaware 0
TOP OF THE 5TH
Galesburg Guzzlers batting - Pitching for Delaware 1787 BC : RHP Gaberiela Tatafu
Batting: LHB Oscar Finley 0-0: Ball
1-0: Foul Ball, location: 2F
1-1: Called Strike
1-2: Ball
2-2: Ball
3-2: Strikes out looking
Batting: RHB Ju-ho Ko 0-0: Called Strike
0-1: Ball
1-1: Ball
2-1: Foul Ball, location: 2F
2-2: Ball
3-2: SINGLE (Line Drive, 8LS, EV 89.4 MPH)
Batting: RHB Bradley Le Maistre 0-0: Ground out 5-3 (Groundball, 56S, EV 65.6 MPH)
Ju-ho Ko to second
Batting: LHB Luis Escribano 0-0: Ball
1-0: Fly out, F9 (Flyball, 9LS, EV 85.6 MPH)
Top of the 5th over - 0 runs, 1 hit, 0 errors, 1 left on base; Galesburg 0 - Delaware 0
BOTTOM OF THE 5TH
Delaware 1787 BC batting - Pitching for Galesburg Guzzlers : RHP Hunter Summers
Batting: RHB Matt Méndez 0-0: Ball
1-0: Called Strike
1-1: Swinging Strike
1-2: Ground out 4-3 (Groundball, 4, EV 99.4 MPH)
Batting: RHB Yong-ho Jheon 0-0: Called Strike
0-1: Ball
1-1: Fly out, F9 (Flyball, 9LS, EV 90.0 MPH)
Batting: RHB Denis Perrin 0-0: Foul Ball, location: 2F
0-1: Foul Ball, location: 2F
0-2: Strikes out swinging
Bottom of the 5th over - 0 runs, 0 hits, 0 errors, 0 left on base; Galesburg 0 - Delaware 0
TOP OF THE 6TH
Galesburg Guzzlers batting - Pitching for Delaware 1787 BC : RHP Gaberiela Tatafu
Batting: LHB Darryl Harris 0-0: Called Strike
0-1: Called Strike
0-2: Ball
1-2: Strikes out swinging
Batting: RHB Gerald Johnston 0-0: Ball
1-0: Called Strike
1-1: Swinging Strike
1-2: Fly out, F7 (Line Drive, 7D, EV 88.1 MPH)
Batting: LHB Leonid Machehin 0-0: SOLO HOME RUN (Flyball, 89XD, EV 103.1 MPH), Distance : 363 ft
Batting: RHB Shi-xian Zhŕo 0-0: Ball
1-0: Called Strike
1-1: Foul Ball, location: 2F
1-2: Foul Ball, location: 2F
1-2: Ball
2-2: Strikes out swinging
Top of the 6th over - 1 run, 1 hit, 0 errors, 0 left on base; Galesburg 1 - Delaware 0
BOTTOM OF THE 6TH
Delaware 1787 BC batting - Pitching for Galesburg Guzzlers : RHP Hunter Summers
Batting: RHB Lloyd van Grootveld 0-0: Ball
1-0: Called Strike
1-1: Ball
2-1: Called Strike
2-2: Ball
3-2: Foul Ball, location: 2F
3-2: Foul Ball, location: 2F
3-2: Fly out, F9 (Flyball, 9LS, EV 86.9 MPH)
Batting: LHB Quentin Batkin 0-0: Ball
1-0: Ball
2-0: Ball
3-0: Called Strike
3-1: Base on Balls
Batting: RHB Abhipala Srivastav 0-0: Called Strike
0-1: Ground out 4-3 (Groundball, 34D, EV 100.0 MPH)
Quentin Batkin to second
Batting: SHB Marc Cadiou 0-0: Ball
1-0: Called Strike
1-1: Foul Ball, location: 2F
1-2: DOUBLE (Flyball, 8LD, EV 98.8 MPH)
Quentin Batkin scores
Batting: LHB Samual Johnson 0-0: Called Strike
0-1: Ground out 4-3 (Groundball, 4, EV 87.5 MPH)
Bottom of the 6th over - 1 run, 1 hit, 0 errors, 1 left on base; Galesburg 1 - Delaware 1
TOP OF THE 7TH
Galesburg Guzzlers batting - Pitching for Delaware 1787 BC : RHP Gaberiela Tatafu
Batting: RHB Will Gary 0-0: Ball
1-0: Swinging Strike
1-1: Fly out, F1 (Line Drive, P, EV 66.2 MPH)
Batting: LHB Oscar Finley 0-0: Foul Ball, location: 2F
0-1: Foul Ball, location: 2F
0-2: Ball
1-2: Foul Ball, location: 2F
1-2: Foul Ball, location: 2F
1-2: Ball
2-2: Ball
3-2: Strikes out swinging
Batting: RHB Ju-ho Ko 0-0: Ball
1-0: Ball
2-0: Called Strike
2-1: Foul Ball, location: 2F
2-2: Foul Ball, location: 2F
2-2: Strikes out swinging
Top of the 7th over - 0 runs, 0 hits, 0 errors, 0 left on base; Galesburg 1 - Delaware 1
BOTTOM OF THE 7TH
Delaware 1787 BC batting - Pitching for Galesburg Guzzlers : RHP Hunter Summers
Batting: LHB Luis González 0-0: Ground out 6-3 (Groundball, 6M, EV 75.6 MPH)
Batting: RHB Matt Méndez 0-0: Ball
1-0: Ball
2-0: Ground out 1-3 (Groundball, P, EV 87.5 MPH)
Batting: RHB Yong-ho Jheon 0-0: Called Strike
0-1: Ball
1-1: Called Strike
1-2: Ball
2-2: Ball
3-2: Foul Ball, location: 2F
3-2: Hit by Pitch
Pitching: RHP Mario Fuentes
Batting: RHB Denis Perrin 0-0: Called Strike
0-1: Ball
Yong-ho Jheon steals 2nd base
1-1: Foul Ball, location: 2F
1-2: Ground out 5-3 (Groundball, 56S, EV 90.0 MPH)
Bottom of the 7th over - 0 runs, 0 hits, 0 errors, 1 left on base; Galesburg 1 - Delaware 1
TOP OF THE 8TH
Galesburg Guzzlers batting - Pitching for Delaware 1787 BC : RHP Gaberiela Tatafu
Batting: RHB Bradley Le Maistre 0-0: Swinging Strike
0-1: Swinging Strike
0-2: Ball
1-2: Strikes out looking
Batting: LHB Luis Escribano 0-0: Foul Ball, location: 2F
0-1: Ball
1-1: Foul Ball, location: 2F
1-2: Ball
2-2: Fly out, F9 (Flyball, 9S, EV 74.4 MPH)
Batting: LHB Darryl Harris 0-0: Called Strike
0-1: Ball
1-1: Called Strike
1-2: Ball
2-2: Ball
3-2: Ground out 1-3 (Groundball, P, EV 68.1 MPH)
Top of the 8th over - 0 runs, 0 hits, 0 errors, 0 left on base; Galesburg 1 - Delaware 1
BOTTOM OF THE 8TH
Delaware 1787 BC batting - Pitching for Galesburg Guzzlers : RHP Mario Fuentes
Batting: RHB Lloyd van Grootveld 0-0: Ball
1-0: Ball
2-0: Called Strike
2-1: Ground out 5-3 (Groundball, 56, EV 90.6 MPH)
Batting: LHB Quentin Batkin 0-0: Ball
1-0: Ground out 6-3 (Groundball, 6, EV 83.8 MPH)
Batting: RHB Abhipala Srivastav 0-0: Ground out 6-3 (Groundball, 6, EV 100.0 MPH)
Bottom of the 8th over - 0 runs, 0 hits, 0 errors, 0 left on base; Galesburg 1 - Delaware 1
TOP OF THE 9TH
Galesburg Guzzlers batting - Pitching for Delaware 1787 BC : RHP Gaberiela Tatafu
Pitching: RHP Tsugahara Ota
Batting: RHB Gerald Johnston 0-0: Ground out 6-3 (Groundball, 6, EV 88.1 MPH)
Batting: LHB Leonid Machehin 0-0: Called Strike
0-1: SINGLE (Line Drive, 8RS, EV 100.6 MPH)
Batting: RHB Shi-xian Zhŕo 0-0: Ball
1-0: Swinging Strike
1-1: Ball
2-1: Swinging Strike
2-2: Foul Ball, location: 2F
2-2: Fielders Choice at 2nd, 5-4 (Groundball, 5, EV 100.0 MPH)
Pinch Hitting: RHB Charles Ward 0-0: Ground out 6-3 (Groundball, 6, EV 90.0 MPH)
Top of the 9th over - 0 runs, 1 hit, 0 errors, 1 left on base; Galesburg 1 - Delaware 1
BOTTOM OF THE 9TH
Delaware 1787 BC batting - Pitching for Galesburg Guzzlers : RHP Mario Fuentes
Now in LF: Charles Ward
Batting: SHB Marc Cadiou 0-0: Foul Ball, location: 2F
0-1: Foul Ball, location: 2F
0-2: Foul Ball, location: 2F
0-2: Ground out 4-3 (Groundball, 4S, EV 68.1 MPH)
Batting: LHB Samual Johnson 0-0: Called Strike
0-1: Ball
1-1: Swinging Strike
1-2: Fly out, F7 (Flyball, 7S, EV 80.0 MPH)
Batting: LHB Luis González 0-0: Ball
1-0: Called Strike
1-1: Called Strike
1-2: Strikes out swinging, 2-3 out at first.
Bottom of the 9th over - 0 runs, 0 hits, 0 errors, 0 left on base; Galesburg 1 - Delaware 1
TOP OF THE 10TH
Galesburg Guzzlers batting - Pitching for Delaware 1787 BC : RHP Tsugahara Ota
Pitching: RHP Arthur Furber
Batting: LHB Oscar Finley 0-0: Ball
1-0: Called Strike
1-1: Foul Ball, location: 2F
1-2: Strikes out looking
Pinch Hitting: LHB António Colón 0-0: Fly out, F6 (Popup, 6, EV 58.1 MPH)
Pinch Hitting: RHB Pedro Martínez 0-0: Called Strike
0-1: Foul Ball, location: 2F
0-2: Foul Ball, location: 2F
0-2: Ground out 5-3 (Groundball, 56D, EV 95.6 MPH)
Top of the 10th over - 0 runs, 0 hits, 0 errors, 0 left on base; Galesburg 1 - Delaware 1
BOTTOM OF THE 10TH
Delaware 1787 BC batting - Pitching for Galesburg Guzzlers : RHP Mario Fuentes
Now at C: Junior O'Day
Now in CF: Pedro Martínez
Batting: RHB Matt Méndez 0-0: Called Strike
0-1: DOUBLE (Line Drive, 7LM, EV 100.6 MPH)
Batting: RHB Yong-ho Jheon 0-0: Intentional Walk
Pinch Runner at 2nd Gene Payne:
Batting: RHB Denis Perrin 0-0: Bunt - Flyout to 5S! F5
Batting: RHB Lloyd van Grootveld 0-0: Foul Ball, location: 2F
0-1: Ball
1-1: Fly out, F5 (Popup, 25, EV 84.4 MPH)
Batting: LHB Quentin Batkin 0-0: Called Strike
0-1: Called Strike
0-2: Strikes out swinging
Bottom of the 10th over - 0 runs, 1 hit, 0 errors, 2 left on base; Galesburg 1 - Delaware 1
TOP OF THE 11TH
Galesburg Guzzlers batting - Pitching for Delaware 1787 BC : RHP Arthur Furber
Now in LF: Gene Payne
Batting: LHB Luis Escribano 0-0: Ball
1-0: Foul Ball, location: 2F
1-1: Ground out U3 (Groundball, 3, EV 80.0 MPH)
Batting: LHB Darryl Harris 0-0: Called Strike
0-1: Ball
1-1: Ground out 5-3 (Groundball, 56, EV 86.9 MPH)
Batting: RHB Gerald Johnston 0-0: Ball
1-0: Called Strike
1-1: Called Strike
1-2: Strikes out swinging
Top of the 11th over - 0 runs, 0 hits, 0 errors, 0 left on base; Galesburg 1 - Delaware 1
BOTTOM OF THE 11TH
Delaware 1787 BC batting - Pitching for Galesburg Guzzlers : RHP Mario Fuentes
Batting: RHB Abhipala Srivastav 0-0: Called Strike
0-1: Ball
1-1: Fly out, F7 (Flyball, 7LS, EV 79.4 MPH)
Batting: SHB Marc Cadiou 0-0: Ball
1-0: Ball
2-0: Foul Ball, location: 2F
2-1: Foul Ball, location: 2F
2-2: Foul Ball, location: 2F
2-2: Foul Ball, location: 2F
2-2: Ball
3-2: Foul Ball, location: 2F
3-2: SINGLE (Flyball, 89M, EV 93.1 MPH)
Pitching: LHP Jack Harvey
Batting: LHB Samual Johnson 0-0: Ball
1-0: Foul Ball, location: 2F
1-1: SINGLE (Line Drive, 8LS, EV 100.6 MPH)
Marc Cadiou to second
Pinch Hitting: RHB Domingo Cabrera 0-0: Ball
1-0: Ball
2-0: Called Strike
2-1: Ball
3-1: Base on Balls
Marc Cadiou to third
Samual Johnson to second
Batting: RHB Gene Payne 0-0: SINGLE (Groundball, 6M, EV 90.6 MPH) (infield hit)
Marc Cadiou scores
Friday, April 17th, 2020 - OOTP Baseball 20.8 Build 74